AoeStats
← rovertom

Arabia

510144213Analyzed
1v1 RM · 3d ago on Sep 29, 2026· 42m 49s· 2 players
Game mode
Random Map
Map size
Tiny (2 player)
Population
200
Speed
Normal
Resources
Standard
Victory
Conquest
Starting age
Dark Age
Ending age
Imperial Age
RankedLock teamsTeams togetherTeam positionsShared explorationLock speedFull tech treeHidden civsTurbo modeCheats
Victory
Defeat
🇧🇷 Portuguese · Brazil
942
+17
🇨🇳 Georgians · China
961
-17
PedronzerA
3:01 Loom
10:33 Feudal Age
11:00 Double-Bit Axe
14:17 Fletching
24:44 Castle Age
23:56 Padded Archer Armor
27:32 Bodkin Arrow
28:22 Leather Archer Armor
36:42 Imperial Age
35:05 Wheelbarrow
36:59 Town Watch
38:29 Chemistry
38:37 Ballistics
39:33 Bracer
42:34 Ring Archer Armor
rovertom
0:43 Loom
10:23 Feudal Age
11:21 Horse Collar
11:27 Double-Bit Axe
14:57 Wheelbarrow
18:25 Castle Age
21:12 Fletching
22:07 Bow Saw
22:26 Bow Saw
27:25 Gold Mining
27:25 Stone Mining
28:54 Stone Shaft Mining
30:06 Stone Shaft Mining
30:36 Bloodlines
37:59 Imperial Age
36:31 Heavy Plow
37:24 Town Watch
37:54 Hand Cart
37:58 Scale Barding Armor
38:31 Husbandry
38:44 Forging
41:50 Svan Towers
42:20 Conscription
42:37 Chain Barding Armor
Connection lost

Rejoining the realm…

Still unreachable

The connection could not be restored.

Session expired

The server has moved on; the page needs a fresh start.